 Dungeon Crawl Stone Soup version 0.18.1-48-g4cf74bf (webtiles) character file.

29866 dvd the Black Sun (level 13, -4/96 HPs)
             Began as a Demonspawn Necromancer on Aug 14, 2016.
             Was a High Priest of Kikubaaqudgha.
             Slain by a slime creature (12 damage)
             ... on level 13 of the Dungeon.
             The game lasted 01:34:11 (16624 turns).

dvd the Black Sun (Demonspawn Necromancer)         Turns: 16624, Time: 01:34:12

Health: -4/96      AC: 13    Str: 11    XL:     13   Next: 17%
Magic:  0/29       EV: 15    Int: 19    God:    Kikubaaqudgha [*****.]
Gold:   329        SH:  0    Dex: 12    Spells: 9 memorised, 1 level left

rFire  + . .     SeeInvis .     a - +3 hand axe (elec)
rCold  . . .     Gourm    .     F - +3 leather armour {rPois}
rNeg   . . .     Faith    .     (no shield)
rPois  +         Spirit   +     (helmet restricted)
rElec  .         Dismiss  .     x - +0 cloak
rCorr  .         Reflect  .     k - +2 pair of gloves
SustAt +         Harm     .     J - +0 pair of boots
MR     +....                    K - amulet of guardian spirit
Stlth  +++.......               H - ring of protection from magic
                                o - ring of sustain attributes

@: manticore barbs, very slightly contaminated, somewhat resistant to hostile
enchantments, fairly stealthy
A: antennae 1, talons 2, icy blue scales 1, blurry vision 2, clumsy 1, demonic
guardian 2, fire resistance 1, sense surroundings 1, robust 1, spiny 1, wild
magic 1
a: Receive Corpses, Torment, Renounce Religion


You were on level 13 of the Dungeon.
You worshipped Kikubaaqudgha.
Kikubaaqudgha was extremely pleased with you.
You were hungry.

You visited 3 branches of the dungeon, and saw 18 of its levels.
You also visited: Ice Cave and Volcano.

You collected 995 gold pieces.
You spent 666 gold pieces at shops.

Inventory:

Hand Weapons
 a - a +3 hand axe of electrocution (weapon)
 j - a +0 war axe of flaming
 C - a +2 whip of venom
 D - a +2 battleaxe of chopping
 I - a +1 arbalest of flaming
Armour
 i - a +2 chain mail of fire resistance
 k - a +2 pair of gloves (worn)
 s - a +2 robe of cold resistance
 w - a +0 helmet
 x - a +0 cloak (worn)
 F - a +3 leather armour of poison resistance (worn)
 J - a +0 pair of boots (worn)
 L - a +3 scale mail of fire resistance
Jewellery
 m - an uncursed amulet of faith
 o - a ring of sustain attributes (left hand)
 B - an uncursed ring of ice
 H - a ring of protection from magic (right hand)
 K - an amulet of guardian spirit (around neck)
Wands
 g - a wand of flame (10/48)
 p - a wand of digging (2/24)
 q - a wand of iceblast (4/15)
 E - a wand of acid (9/15)
 Y - a wand of lightning (5/15)
Scrolls
 d - 16 scrolls of identify
 e - 2 scrolls of teleportation
 f - 2 scrolls of enchant weapon
 h - 3 scrolls of amnesia
 l - 6 scrolls of remove curse
 r - 2 scrolls of magic mapping
 N - 2 scrolls of recharging
 P - a scroll of fog
 T - 3 scrolls of blinking
 U - a scroll of enchant armour
Potions
 n - 6 potions of brilliance
 u - 4 potions of berserk rage
 v - a potion of cancellation
 M - 2 potions of resistance
 O - 2 potions of cure mutation
 R - a potion of agility
 V - a potion of curing
 W - a potion of haste
Books
 b - a book of Necromancy

   Spells                             Type                      Level
   a - Pain                           Necromancy                   1
   b - Animate Skeleton               Necromancy                   1
   c - Vampiric Draining              Necromancy                   3
   d - Regeneration                   Charms/Necromancy            3
   e - Animate Dead                   Necromancy                   4
   f - Control Undead                 Necromancy                   4
 y - Kikubaaqudgha's Tome of Evil Magic
   (Kikubaaqudgha gifted it to you on level 9 of the Dungeon)

   Spells                             Type                      Level
   a - Animate Skeleton               Necromancy                   1
   b - Corpse Rot                     Necromancy                   2
   c - Sublimation of Blood           Necromancy                   2
   d - Regeneration                   Charms/Necromancy            3
   e - Control Undead                 Necromancy                   4
 Q - Kikubaaqudgha's Grimoire of Darkness
   (Kikubaaqudgha gifted it to you on level 2 of the Lair of Beasts)

   Spells                             Type                      Level
   a - Animate Dead                   Necromancy                   4
   b - Bolt of Draining               Conjuration/Necromancy       5
   c - Agony                          Necromancy                   5
   d - Cigotuvi's Embrace             Necromancy                   5
   e - Dispel Undead                  Necromancy                   5
 S - a book of Battle

   Spells                             Type                      Level
   a - Infusion                       Charms                       1
   b - Shroud of Golubria             Charms/Translocation         2
   c - Song of Slaying                Charms                       2
   d - Spectral Weapon                Hexes/Charms                 3
   e - Regeneration                   Charms/Necromancy            3
 X - the Volume of the Entourage and the Voyage
   (You found it on level 11 of the Dungeon)

   Spells                             Type                      Level
   a - Shroud of Golubria             Charms/Translocation         2
   b - Call Imp                       Summoning                    2
   c - Summon Guardian Golem          Hexes/Summoning              3
   d - Summon Lightning Spire         Summoning/Air                4
   e - Dragon's Call                  Summoning                    9
Miscellaneous
 z - a phantom mirror
Comestibles
 c - 4 bread rations
 t - 5 meat rations
 A - 9 royal jellies
 G - 9 fruits
 Z - 5 mutagenic chunks of flesh


   Skills:
 + Level 4.0 Fighting
 * Level 5.3 Axes
 + Level 4.4 Armour
 + Level 7.8 Dodging
 + Level 5.9 Stealth
 + Level 12.4 Spellcasting
 + Level 1.7 Conjurations
 + Level 1.9 Charms
 + Level 13.3 Necromancy
 + Level 1.1 Evocations


You had one spell level left.
You knew the following spells:

 Your Spells              Type           Power        Failure   Level  Hunger
a - Pain                  Necr           ####         1%          1    None
b - Vampiric Draining     Necr           ######....   1%          3    None
c - Regeneration          Chrm/Necr      ######....   1%          3    None
d - Animate Dead          Necr           N/A          1%          4    #......
e - Control Undead        Necr           ######....   1%          4    #......
f - Agony                 Necr           ######..     1%          5    ####...
g - Cigotuvi's Embrace    Necr           ######....   1%          5    ####...
h - Dispel Undead         Necr           ######..     1%          5    ####...
i - Bolt of Draining      Conj/Necr      ######....   17%         5    ####...


Dungeon Overview and Level Annotations

Branches:
Dungeon (14/15)            Temple (1/1) D:7            Lair (3/8) D:9
  Swamp (0/4) Lair:3       Spider (0/4) Lair:3          Orc (0/2) D:9
 Vaults: D:13-14

Altars:
Ashenzari
Cheibriados
Dithmenos
Elyvilon
Fedhas
Gozag
Kikubaaqudgha
Makhleb
Nemelex Xobeh
Okawaru
Pakellas
Qazlal
Ru
Sif Muna
Trog
Vehumet
Xom
Yredelemnul
Zin
The Shining One

Shops:
D:4 }   D:8 *   D:9 !   D:10 ?


Innate Abilities, Weirdness & Mutations

You have razor-sharp toenails.
You are partially covered in icy blue scales (AC +1).
A demonic guardian rushes to your aid.
You are partially covered in sharp spines.
You have a pair of small antennae on your head.
Scrolls take you longer to read.
You are clumsy. (Dex -2)
Your flesh is heat resistant.
You passively map a small area around you.
You are robust (+10% HP).
Your spells are a little harder to cast, but a little more powerful.


Message History

You see here an arrow.
Unknown command.
Read which item? (? for menu, Esc to quit)
Really read with blurry vision while enemies are nearby?
The giant frog barely misses you.
The slime creature is struck by your spines.
The slime creature hits you but does no damage.
The giant frog is struck by your spines.
The giant frog hits you.
* * * LOW HITPOINT WARNING * * *
The slime creature is struck by your spines.
The slime creature hits you!
* * * LOW HITPOINT WARNING * * *
The slime creature is struck by your spines.
The slime creature misses you.
You begin reading the scroll.
You continue reading the scroll.
The slime creature is struck by your spines.
The slime creature hits you!
You die...
Kikubaaqudgha rasps: "You have failed me!
Welcome... death!"

....................
....................*
....##.!(..........?*
,........#...........
F.....#.#.........#
.F......#..(......#
##..........(...(.# *
#......#...JF....# ,
.c.##..##..J@J..<.#
...........c......# ,
.#..###........# *#.
####.....# , #....# ,
* * *....# , , ....#
, * ....# ,


You could see 3 slime creatures, a centaur warrior and a giant frog.

Vanquished Creatures
  A fire dragon (Volcano)
  2 hydras (Lair:3)
  Erica (Lair:2)
  4 death yaks
  2 hill giants
  A salamander (Volcano)
  2 ice statues (IceCv)
  6 spiny frogs
  A centaur zombie (D:10)
  Psyche (D:8)
  A komodo dragon (Lair:1)
  A freezing wraith (D:14)
  A jumping spider (Lair:3)
  2 trolls
  A polar bear (D:11)
  A two-headed ogre (Volcano)
  3 giant leeches (Lair:3)
  A redback (Lair:3)
  19 yaks
  6 wyverns
  8 fire bats (Volcano)
  A steam dragon (Lair:2)
  A hungry ghost (D:11)
  2 mottled dragons (Volcano)
  2 soldier ants
  6 water moccasins
  4 porcupines
  2 black bears (D:7)
  3 orc warriors
  A sky beast (D:11)
  A wasp (D:8)
  20 ice beasts
  5 centaurs
  6 ogres
  3 phantoms
  3 wolves (Lair:3)
  5 crocodiles
  12 giant frogs
  A big kobold (D:10)
  A water moccasin skeleton (D:6)
  4 scorpions
  8 killer bees
  5 wights
  3 electric eels
  4 crimson imps
  7 howler monkeys
  4 jellies
  A giant frog zombie (D:11)
  2 giant frog skeletons (D:7)
  8 orc priests
  4 centaur skeletons
  9 hounds
  11 orc wizards
  7 iguanas
  Natasha (D:4)
  13 worker ants
  A sheep (Lair:1)
  2 hound zombies
  2 hound skeletons
  3 gnolls (D:10)
  12 river rats
  14 adders
  2 shadow imps
  2 white imps (D:11)
  2 ufetubi (D:11)
  4 oozes
  An adder skeleton (D:8)
  A worm (D:5)
  2 dart slugs (D:1)
  3 giant geckos
  72 orcs
  7 bats
  8 giant cockroaches
  7 goblins
  6 hobgoblins
  10 jackals
  7 quokkas
  7 giant newts
  16 kobolds
  9 rats
  A butterfly (D:7)
  A fungus (Lair:2)
  3 plants
440 creatures vanquished.

Vanquished Creatures (collateral kills)
  Fannar (Lair:3)
  A death yak (Lair:2)
  A wolf spider (Lair:3)
  3 komodo dragons
  A troll (D:10)
  A jumping spider (Lair:3)
  A giant leech (Lair:3)
  A wyvern (Volcano)
  2 yaks (Lair:2)
  A fire bat (Volcano)
  A soldier ant (D:8)
  2 water moccasins
  A porcupine (Lair:2)
  A black bear (Lair:3)
  A sky beast (D:14)
  3 ice beasts (IceCv)
  2 phantoms
  3 wolves (Lair:3)
  A centaur (D:9)
  2 crocodiles (Volcano)
  A big kobold (D:10)
  A giant frog (D:9)
  4 wights
  A jelly (D:11)
  An iguana (Lair:2)
  An orc wizard (D:4)
  3 worker ants (D:5)
  A white imp (D:11)
  A dart slug (D:6)
  2 orcs
  3 kobolds (D:10)
  6 plants (Volcano)
55 creatures vanquished.

Vanquished Creatures (others)
  A wyvern (Volcano)
  4 sheep (Lair:1)
  A giant frog simulacrum (D:11)
  2 fungi (Lair:3)
  13 plants
21 creatures vanquished.

Grand Total: 516 creatures vanquished

Notes
Turn   | Place    | Note
--------------------------------------------------------------
     0 | D:1      | dvd the Demonspawn Necromancer began the quest for the Orb.
     0 | D:1      | Reached XP level 1. HP: 13/13 MP: 3/3
   367 | D:1      | Gained mutation: You are partially covered in sharp spines. [demonic ancestry]
   367 | D:1      | Reached XP level 2. HP: 15/19 MP: 0/5
   659 | D:1      | Reached skill level 5 in Necromancy
   891 | D:1      | Reached XP level 3. HP: 22/24 MP: 3/6
  1142 | D:2      | Learned a level 3 spell: Vampiric Draining
  1146 | D:2      | Learned a level 3 spell: Regeneration
  1409 | D:2      | Found an opulent altar of Gozag.
  1468 | D:2      | Reached XP level 4. HP: 27/30 MP: 4/8
  1662 | D:2      | Found a blossoming altar of Fedhas.
  2287 | D:3      | Found a basalt altar of Yredelemnul.
  2417 | D:3      | Gained mutation: You have sharp toenails. [demonic ancestry]
  2417 | D:3      | Reached XP level 5. HP: 33/36 MP: 3/10
  2448 | D:3      | Learned a level 4 spell: Animate Dead
  2856 | D:3      | Found a stormy altar of Qazlal.
  2856 | D:3      | Noticed a fire elemental
  2867 | D:3      | Noticed a water elemental
  2867 | D:3      | Noticed an air elemental
  3093 | D:4      | Reached skill level 6 in Necromancy
  3093 | D:4      | Reached XP level 6. HP: 39/42 MP: 8/12
  3298 | D:4      | Found Yboel's Gadget Emporium.
  3330 | D:4      | Found a radiant altar of Vehumet.
  3435 | D:4      | Noticed Natasha
  3441 | D:4      | Killed Natasha
  3762 | D:4      | Gained mutation: A weak demonic guardian rushes to your aid. [demonic ancestry]
  3762 | D:4      | Reached XP level 7. HP: 47/47 MP: 9/14
  3871 | D:4      | Reached skill level 5 in Spellcasting
  3878 | D:4      | Learned a level 4 spell: Control Undead
  3972 | D:4      | Reached skill level 7 in Necromancy
  3991 | D:4      | Reached skill level 1 in Fighting
  4202 | D:4      | Found a bloodstained altar of Trog.
  4291 | D:5      | Entered Level 5 of the Dungeon
  4483 | D:5      | Found a runed door.
  4496 | D:5      | Found a runed door.
  4514 | D:5      | Gained mutation: You are partially covered in icy blue scales (AC +1). [demonic ancestry]
  4514 | D:5      | Reached XP level 8. HP: 54/54 MP: 16/16
  4540 | D:5      | Reached skill level 1 in Axes
  4843 | D:5      | Reached skill level 1 in Armour
  4964 | D:5      | Found a shattered altar of Ashenzari.
  4971 | D:5      | Found a glowing silver altar of Zin.
  4971 | D:5      | Found a sacrificial altar of Ru.
  5160 | D:6      | Reached skill level 8 in Necromancy
  5201 | D:6      | Reached XP level 9. HP: 56/61 MP: 5/19
  5450 | D:6      | Found an oddly glowing altar of Pakellas.
  6024 | D:7      | Found a shimmering altar of Xom.
  6025 | D:7      | Found a burning altar of Makhleb.
  6213 | D:7      | Found a staircase to the Ecumenical Temple.
  6226 | Temple   | Entered the Ecumenical Temple
  6251 | Temple   | Became a worshipper of Kikubaaqudgha
  6687 | D:8      | Noticed Psyche
  6695 | D:8      | Killed Psyche
  6783 | D:8      | Reached skill level 5 in Dodging
  6873 | D:8      | Found Akhlakh's Assorted Antiques.
  6893 | D:8      | Reached skill level 9 in Necromancy
  7047 | D:8      | Found a snail-covered altar of Cheibriados.
  7079 | D:8      | Gained mutation: You have razor-sharp toenails. [demonic ancestry]
  7079 | D:8      | Reached XP level 10. HP: 47/67 MP: 15/22
  7192 | D:9      | Reached * piety under Kikubaaqudgha
  7192 | D:9      | Received a gift from Kikubaaqudgha
  7199 | D:9      | Identified Kikubaaqudgha's Tome of Evil Magic (Kikubaaqudgha gifted it to you on level 9 of the Dungeon)
  7324 | D:9      | Found a staircase to the Orcish Mines.
  7482 | D:9      | Found Kake's Distillery.
  7519 | D:9      | Bought a potion of heal wounds for 65 gold pieces
  7519 | D:9      | Bought a potion of mutation for 32 gold pieces
  7563 | D:9      | Found a glowing golden altar of the Shining One.
  7818 | D:9      | Found a staircase to the Lair.
  8013 | Lair:1   | Entered Level 1 of the Lair of Beasts
  8171 | Lair:1   | Found a shimmering altar of Xom.
  8311 | Lair:1   | Found a dark tunnel.
  8312 | Lair:1   | Reached skill level 5 in Stealth
  8335 | Volcano  | Entered a volcano
  8345 | Volcano  | Reached skill level 10 in Necromancy
  8614 | Volcano  | Reached XP level 11. HP: 65/74 MP: 9/24
  8685 | Volcano  | Reached skill level 10 in Spellcasting
  8710 | Volcano  | Reached ** piety under Kikubaaqudgha
  8710 | Volcano  | Reached skill level 1 in Charms
  8935 | Volcano  | Learned a level 2 spell: Sublimation of Blood
  9015 | Volcano  | Noticed a fire dragon
  9028 | Volcano  | Killed a fire dragon
 10339 | Lair:2   | Reached skill level 11 in Necromancy
 10429 | Lair:2   | Noticed a death yak
 10429 | Lair:2   | Noticed a death yak
 10429 | Lair:2   | Noticed a death yak
 10451 | Lair:2   | Killed a death yak
 10647 | Lair:2   | Killed a death yak
 10701 | Lair:2   | Killed a death yak
 10878 | Lair:2   | Noticed a death yak
 10879 | Lair:2   | Noticed a death yak
 10879 | Lair:2   | Noticed a death yak
 10880 | Lair:2   | Noticed a death yak
 10900 | Lair:2   | Killed a death yak
 11165 | Lair:1   | Killed a death yak
 11285 | Lair:2   | Noticed Erica
 11301 | Lair:2   | Killed Erica
 11391 | Lair:2   | Reached skill level 12 in Necromancy
 11756 | Lair:2   | Reached XP level 12. HP: 78/81 MP: 22/27
 11766 | Lair:2   | Reached *** piety under Kikubaaqudgha
 11766 | Lair:2   | Received a gift from Kikubaaqudgha
 11767 | Lair:2   | Identified Kikubaaqudgha's Grimoire of Darkness (Kikubaaqudgha gifted it to you on level 2 of the Lair of Beasts)
 11774 | Lair:2   | Learned a level 5 spell: Cigotuvi's Embrace
 11780 | Lair:2   | Learned a level 5 spell: Dispel Undead
 11786 | Lair:2   | Learned a level 5 spell: Bolt of Draining
 12648 | Lair:3   | Found a staircase to the Swamp.
 12672 | Lair:3   | Noticed a six-headed hydra
 13019 | Lair:3   | Gained mutation: Your spells are a little harder to cast, but a little more powerful. [potion of mutation]
 13019 | Lair:3   | Lost mutation: Your spells are a little harder to cast, but a little more powerful. [potion of mutation]
 13019 | Lair:3   | Gained mutation: You are robust (+10% HP). [potion of mutation]
 13050 | Lair:3   | Killed a five-headed hydra
 13054 | Lair:3   | Noticed a six-headed hydra
 13064 | Lair:3   | Killed a three-headed hydra
 13064 | Lair:3   | Reached skill level 1 in Conjurations
 13265 | Lair:3   | Noticed Fannar
 13283 | Lair:3   | Killed Fannar
 13349 | Lair:3   | Found a hole to the Spider Nest.
 13642 | Lair:3   | Reached **** piety under Kikubaaqudgha
 13837 | D:10     | Entered Level 10 of the Dungeon
 14287 | D:10     | Found Siasch's Magic Scroll Emporium.
 14290 | D:10     | Bought a scroll of blinking for 90 gold pieces
 14290 | D:10     | Bought a scroll of blinking for 90 gold pieces
 14290 | D:10     | Bought a scroll of blinking for 90 gold pieces
 14550 | D:10     | Reached skill level 13 in Necromancy
 15014 | D:10     | Learned a level 5 spell: Agony
 15158 | D:11     | Found a frozen archway.
 15216 | D:11     | Gained mutation: You passively map a small area around you. [mutagenic meat]
 15217 | D:11     | Gained mutation: Scrolls take you a little longer to read. [mutagenic meat]
 15218 | D:11     | Gained mutation: Your spells are a little harder to cast, but a little more powerful. [mutagenic meat]
 15219 | D:11     | Gained mutation: You have a pair of small antennae on your head. [mutagenic meat]
 15220 | D:11     | Gained mutation: You are clumsy. (Dex -2) [mutagenic meat]
 15221 | D:11     | Gained mutation: Your flesh is heat resistant. [mutagenic meat]
 15256 | D:11     | Reached ***** piety under Kikubaaqudgha
 15366 | IceCv    | Entered an ice cave
 15377 | IceCv    | Reached skill level 5 in Axes
 15382 | IceCv    | Gained mutation: A demonic guardian rushes to your aid. [demonic ancestry]
 15382 | IceCv    | Reached XP level 13. HP: 71/96 MP: 23/29
 15818 | IceCv    | Gained mutation: Scrolls take you longer to read. [potion of mutation]
 15924 | D:9      | Bought a potion of curing for 39 gold pieces
 15924 | D:9      | Bought a potion of resistance for 130 gold pieces
 15924 | D:9      | Bought a potion of haste for 130 gold pieces
 16041 | D:11     | Identified the Volume of the Entourage and the Voyage
 16387 | D:11     | You fall through a shaft for 3 floors!
 16488 | D:14     | Reached skill level 1 in Evocations
 16624 | D:13     | Slain by a slime creature

Skill      XL: |  1  2  3  4  5  6  7  8  9 10 11 12 13 |
---------------+----------------------------------------+-----
Necromancy     | 5 6 7 8 9 10 12 13 | 13.3
Dodging        | 2 3 5 6 7 |  7.8
Stealth        | 2 4 5 |  5.9
Spellcasting   | 3 4 5 6 8 9 11 12 | 12.4
Fighting       | 1 2 3 4 |  4.0
Axes           | 1 2 3 5 |  5.3
Armour         | 1 2 3 4 |  4.4
Charms         | 1 |  1.9
Conjurations   | 1 |  1.7
Evocations     | 1 |  1.1

Action                   |  1- 3 |  4- 6 |  7- 9 | 10-12 | 13-15 || total
-------------------------+-------+-------+-------+-------+-------++-------
Melee: Short sword       |    13 |    27 |       |       |       ||    40
       Unarmed           |     1 |       |       |       |       ||     1
       War axe           |       |     1 |       |    42 |    37 ||    80
       Hand axe          |       |    21 |   176 |   376 |    56 ||   629
       Kick              |       |     4 |    16 |       |       ||    20
       Battleaxe         |       |       |       |     6 |       ||     6
 Cast: Pain              |    47 |    54 |    44 |    67 |     4 ||   216
       Vampiric Draining |       |     4 |    25 |   101 |     9 ||   139
       Animate Dead      |       |     6 |    14 |    31 |       ||    51
       Regeneration      |       |     4 |     5 |    21 |     7 ||    37
       Control Undead    |       |       |       |     5 |     3 ||     8
       Sublimation of Bl |       |       |       |    12 |       ||    12
       Bolt of Draining  |       |       |       |    29 |     4 ||    33
       Cigotuvi's Embrac |       |       |       |     5 |       ||     5
       Dispel Undead     |       |       |       |     1 |     1 ||     2
       Agony             |       |       |       |       |     1 ||     1
Evoke: Wand              |       |       |       |     9 |    11 ||    20
  Use: Scroll            |       |     3 |    12 |     8 |     1 ||    24
       Potion            |       |       |    12 |    10 |     4 ||    26
 Stab: Sleeping          |       |     1 |     9 |    16 |     1 ||    27
       Distracted        |       |       |     1 |     3 |       ||     4
  Eat: Chunk             |     2 |     9 |    13 |    29 |     3 ||    56
       Royal jelly       |       |       |     1 |       |       ||     1
       Pizza             |       |       |       |     4 |       ||     4
       Beef jerky        |       |       |       |     3 |       ||     3
       Meat ration       |       |       |       |     1 |       ||     1
Armor: Robe              |     5 |     6 |       |    12 |    15 ||    38
       Leather armour    |       |       |    61 |   182 |    36 ||   279
Dodge: Dodged            |    10 |    23 |   109 |   358 |   116 ||   616
Block: Other             |       |       |       |     3 |       ||     3
